 Dungeon Crawl Stone Soup version 0.27-a0-1296-g8ece459b43 (webtiles) character file.

Game seed: 5882176471623342558

779 Delamore the Spear-Bearer (level 8, -2/62 HPs)
             Began as a Formicid Fighter on June 16, 2021.
             Was an Initiate of Gozag.
             Succumbed to an ogre zombie's poison
             ... on level 4 of the Dungeon.
             The game lasted 00:03:36 (4455 turns).

Delamore the Spear-Bearer (Formicid Fighter)        Turns: 4455, Time: 00:03:36

Health: -2/62      AC:  9    Str: 22    XL:     8   Next: 10%
Magic:  8/8        EV:  6    Int:  9    God:    Gozag
Gold:   213        SH: 10    Dex: 10    Spells: 7/7 levels left

rFire    + . .     SeeInvis +   a - +1 trident
rCold    + . .     Faith    .   c - +1 kite shield
rNeg     . . .     Spirit   .   k - +0 chain mail
rPois    +         Reflect  .   (helmet unavailable)
rElec    +         Harm     .   (no cloak)
rCorr    +         Rampage  .   (no gloves)
Will     +....                  (no boots)
Stlth    ..........             (no amulet)
HPRegen  0.20/turn              h - ring of willpower
MPRegen  0.11/turn              (no ring)

@: lethally poisoned (-2 -> -30), resistant
A: permanent stasis, dig shafts and tunnels, antennae 3, four strong arms
a: Dig, Shaft Self, Renounce Religion, Potion Petition, Call Merchant, Bribe
Branch


You were on level 4 of the Dungeon.
You worshipped Gozag.
Gozag was aware of your devotion.
You visited 2 branches of the dungeon, and saw 5 of its levels.

You collected 267 gold pieces.
You paid 54 gold pieces to Gozag.

Inventory:

Hand Weapons
 a - a +1 trident (weapon)
Missiles
 j - 34 poisoned darts (quivered)
Armour
 b - a +0 scale mail
 c - a +1 kite shield (worn)
 k - a +0 chain mail (worn)
Jewellery
 h - a ring of willpower (left hand)
 i - a +6 ring of strength
Potions
 d - a potion of might
 e - a potion of lignification
 f - a potion of flight
 g - a potion of berserk rage


   Skills:
 - Level 5.0 Fighting
 * Level 8.0 Polearms
 - Level 3.2 Armour
 - Level 3.6 Shields


You had 7 spell levels left.
You didn't know any spells.
Your spell library contained the following spells:

 Spells                   Type           Power      Damage    Failure   Level
 Animate Skeleton         Necr           0%         N/A       100%        1
 Apportation              Tloc           0%         N/A       100%        1
 Corona                   Hex            0%         N/A       100%        1
 Summon Small Mammal      Summ           0%         N/A       100%        1
 Ensorcelled Hibernation  Hex/Ice        0%         N/A       100%        2
 Confusing Touch          Hex            0%         N/A       100%        3
 Dazzling Flash           Conj/Hex       0%         N/A       100%        3
 Tukima's Dance           Hex            0%         N/A       100%        3


Dungeon Overview and Level Annotations

Branches:
Dungeon (4/15)             Temple (1/1) D:4

Altars:
Dithmenos
Gozag
Makhleb
Nemelex Xobeh
Qazlal
Trog
Wu Jian
Yredelemnul

Annotations:
D:4 1 transporter


Innate Abilities, Weirdness & Mutations

You cannot be hasted, slowed, berserked, paralysed or teleported.
You can dig through walls and to a lower floor.
You have a pair of large antennae on your head. (SInv)
Your four strong arms can wield two-handed weapons with a shield.


Message History

No target in view!
No target in view!
No target in view!
No target in view!
You now have 213 gold pieces (gained 4).
There is an escape hatch in the ceiling here.
There is a transporter here.
You enter the transporter and appear at another place.
l - a potion of resistance
There are no items here.
You open the gate. You hit the orc warrior zombie.
The orc warrior zombie is lightly damaged.
You block the orc warrior zombie's attack.
The ogre zombie hits you with a +0 giant spiked club of venom!
You are poisoned.
You barely miss the orc warrior zombie.
The orc warrior zombie is lightly damaged.
You feel very sick.
The orc warrior zombie hits you with a +1 mace of venom.
You are more poisoned.
You closely miss the orc warrior zombie.
The orc warrior zombie is lightly damaged.
You feel extremely sick. The ogre zombie barely misses you.
The ogre zombie hits you with a +0 giant spiked club of venom!!
* * * LOW HITPOINT WARNING * * *
You are more poisoned.
The orc warrior zombie hits you with a +1 mace of venom.
* * * LOW HITPOINT WARNING * * *
You are too injured to fight recklessly!
You are too injured to fight recklessly!
You are too injured to fight recklessly!
You are too injured to fight recklessly!
You are too injured to fight recklessly!
* * * LOW HITPOINT WARNING * * *
You feel extremely sick.
You feel protected.
You die...
Your body crumbles into a pile of gold.

###.##.#####....#.#.###.<.######
#............#...........##
##.#.##.....#.........###########
.#.#.######.##..©.....# #.......
...#.# #.#########.####.######
...<.# #.#○°☼°°°○#............
.....# ##.#○○°☼○°○#.####.######
.#..)#####..#○☼#©#°○#.# #.#
.....)......#○°.@.°°#.# #.#
##.#######..#°°#.#°°### #.# #.#
######<#°☼ZZZ☼○# #.# #.#
#.....####°°°#### #.###### #.#
#.#####.○☼°○○☼○.# #....(.. #.#
#.# #.☼°☼○☼°°○# ##. ##.# #.#
#°○°...○°°# #.. ...# #.#
#☼○○$$$☼○°# ..... .###
#.#####°.°?©[.°°# ###..


You could see an orc warrior zombie and 2 ogre zombies.

Vanquished Creatures
  Pikel (Temple)
  A howler monkey (D:3)
  A bullfrog skeleton (D:4)
  A centaur skeleton (D:4)
  An iguana (D:4)
  2 orc wizards
  A hound skeleton (D:4)
  5 adders
  2 adder skeletons (D:4)
  2 worms
  A dart slug (D:1)
  13 orcs
  8 endoplasms
  3 giant cockroaches
  8 goblins
  10 hobgoblins
  6 kobolds
  6 quokkas
  4 ball pythons
  7 bats
  A frilled lizard (D:1)
  A jackal skeleton (D:4)
  5 rats
90 creatures vanquished.

Notes
Turn   | Place    | Note
-------+----------+-------------------------------------------
     0 | D:1      | Delamore the Formicid Fighter began the quest for the Orb.
     0 | D:1      | Reached XP level 1. HP: 18/18 MP: 1/1
   271 | D:1      | Reached XP level 2. HP: 24/24 MP: 2/2
   515 | D:1      | Found a faded altar of an unknown god.
   551 | D:1      | Reached XP level 3. HP: 27/30 MP: 3/3
   554 | D:1      | Reached skill level 3 in Polearms
  1364 | D:2      | Reached XP level 4. HP: 29/37 MP: 4/4
  1550 | D:2      | Found a burning altar of Makhleb.
  2282 | D:3      | Reached skill level 4 in Polearms
  2282 | D:3      | Reached XP level 5. HP: 39/43 MP: 5/5
  3452 | D:4      | Reached XP level 6. HP: 36/49 MP: 6/6
  3574 | D:4      | Found a transporter.
  3585 | D:4      | Reached skill level 5 in Polearms
  3673 | D:4      | Found a staircase to the Ecumenical Temple.
  3677 | D:4      | Noticed Pikel
  3683 | Temple   | Entered the Ecumenical Temple
  3713 | Temple   | Became a worshipper of Gozag Ym Sagoz the Greedy
  3767 | D:4      | Reached skill level 5 in Fighting
  3786 | Temple   | Killed Pikel
  3787 | Temple   | Reached skill level 7 in Polearms
  3787 | Temple   | Reached XP level 7. HP: 24/56 MP: 7/7
  3982 | D:4      | Reached XP level 8. HP: 62/62 MP: 8/8
  4258 | D:4      | Reached skill level 8 in Polearms
  4317 | D:4      | Found a transporter.
  4455 | D:4      | Succumbed to an ogre zombie's poison

Illustrated notes

Levels and vault maps discovered:
D:1:      lemuel_arrival_tunnels, layout_loops_ring,
          ebering_ecumenical_altar_ruins, chequers_serial_rivers_small_b,
          minmay_misc_feat_ornament
D:2:      layout_loops_ring, basic_altar, minmay_misc_feat_doors,
          minmay_misc_feat_tiny
D:3:      minmay_spotlight, layout_basic
D:4:      gammafunk_cloud_chamber, layout_loops_ring, temple_pool_b, uniq_pikel
Temple:   eino_temple_rhombus

Skill      XL: |  1  2  3  4  5  6  7  8 |
---------------+-------------------------+-----
Polearms       | 3 4 7 8 |  8.0
Fighting       | 4 5 |  5.0
Armour         | |  3.2
Shields        | |  3.6

Action                   |  1- 3 |  4- 6 |  7- 9 || total
-------------------------+-------+-------+-------++-------
Melee: Trident           |    92 |   194 |    53 ||   339
 Abil: Dig               |       |     1 |       ||     1
  Use: Scroll            |     4 |     6 |     2 ||    12
       Potion            |       |       |     1 ||     1
Armor: Scale mail        |    29 |    67 |       ||    96
       Chain mail        |       |     6 |     9 ||    15
Dodge: Dodged            |    19 |    54 |     5 ||    78
Block: Kite shield       |    26 |   122 |    19 ||   167

Table legend: (Time is in decaauts)
 A = Elapsed time spent in this place.
 B = Non-inter-level travel time spent in this place.
 C = Inter-level travel time spent in this place.
 D = Time resting spent in this place.
 E = Time spent auto-exploring this place.
 F = Levels seen in this place.
 G = Mean time per level.
                   A        B        C        D        E       F      G
               +--------+--------+--------+--------+--------+-----+--------+
         Total |   4550 |   4441 |    109 |    652 |   3032 |   5 |  910.0 |
       Dungeon |   4273 |   4174 |     99 |    451 |   3006 |   4 | 1068.2 |
        Temple |    277 |    267 |     10 |    201 |     26 |   1 |  277.0 |
               +--------+--------+--------+--------+--------+-----+--------+

Top non-repeatable levels by time:
     D:3: 1503 daAuts
     D:1: 1010 daAuts
     D:2: 915 daAuts
     D:4: 844 daAuts
  Temple: 277 daAuts
